 Dungeon Crawl Stone Soup version 0.32-a0-893-gf85d74f360 (webtiles) character file.

Game seed: 5137817753095473232

5035 GiantSquids the Skirmisher (level 10, -3/67 HPs)
             Began as a Coglin Hunter on Apr 3, 2024.
             Was a Priest of Nemelex Xobeh.
             Slain by an orc warrior
             ... wielding a +0 mace
              (4 damage)
             ... on level 8 of the Dungeon.
             The game lasted 00:12:05 (7730 turns).

GiantSquids the Skirmisher (Coglin Hunter)          Turns: 7730, Time: 00:12:06

Health: -3/67      AC:  5    Str: 11    XL:     10   Next: 55%
Magic:  10/10      EV: 11    Int:  9    God:    Nemelex Xobeh [***...]
Gold:   1389       SH:  0    Dex: 22    Spells: 9/9 levels left

rFire   + . .        a - +2 sling {Nenetl}
rCold   . . .        o - +2 sling (heavy) {Arsinoe}
rNeg    . . .        t - +1 leather armour {rF+}
rPois   .            (no helmet)
rElec   .            B - +0 cloak
rCorr   .            (no gloves)
SInv    .            (no boots)
Will    .....        (amulet unavailable)
Stlth   ++           (ring unavailable)
HPRegen 0.31/turn    (ring unavailable)
MPRegen 0.12/turn    (no gizmo)

%: no passive effects
@: hasted, studying 2 skills, revved, very quick
A: off-hand wielding, slow wielding, warmup strikes, no jewellery
a: Invent Gizmo, Renounce Religion, Draw Escape, Draw Destruction, Draw
Summoning, Triple Draw


You were on level 8 of the Dungeon.
You worshipped Nemelex Xobeh.
Nemelex Xobeh was most pleased with you.
You visited 1 branch of the dungeon, and saw 8 of its levels.

You collected 1428 gold pieces.
You spent 39 gold pieces at shops.

Inventory:

Hand Weapons
 a - a +2 sling (weapon) {Nenetl}
 o - a +2 heavy sling (offhand) {Arsinoe}
Armour
 t - a +1 leather armour of fire resistance (worn)
 B - a +0 cloak (worn)
Wands
 y - a wand of light (10)
Scrolls
 b - a scroll of butterflies
 c - a scroll of immolation {unknown}
 i - a scroll of enchant armour {unknown}
 j - 6 scrolls of teleportation
 k - 2 scrolls of identify
 m - 2 scrolls of vulnerability {unknown}
 n - a scroll of fear {unknown}
 p - a scroll of revelation {unknown}
 x - a scroll of amnesia {unknown}
 C - a scroll of poison
Potions
 f - a potion of haste
 g - 4 potions of brilliance
 h - 4 potions of curing
 l - a potion of ambrosia
 q - a potion of might {unknown}
 r - a potion of degeneration {unknown}
 s - 3 potions of enlightenment
 u - 3 potions of lignification {unknown}
 v - a potion of cancellation {unknown}
 w - 2 potions of heal wounds {unknown}
 z - a potion of attraction {unknown}
 A - 2 potions of mutation {unknown}


   Skills:
 - Level 2.0 Fighting
 + Level 14.3 Ranged Weapons
 - Level 1.7 Dodging
 - Level 0.7 Stealth


You had 9 spell levels left.
You didn't know any spells.
Your spell library contained the following spells:

 Spells                   Type           Power      Damage    Failure   Level
 Necrotise                Necr           0%         1d4       47%         1
 Inner Flame              Hex/Fire       0%         N/A       85%         3
 Vampiric Draining        Necr           0%         2d6       85%         3
 Martyr's Knell           Necr/Summ      0%         N/A       99%         4
 Summon Blazeheart Golem  Fire/Summ      0%         N/A       99%         4
 Curse of Agony           Necr           0%         N/A       100%        5
 Irradiate                Conj/Alch      0%         3d11      100%        5
 Orb of Destruction       Conj           0%         9d5       100%        7
 Spellforged Servitor     Conj/Summ      0%         N/A       100%        7
 Ignition                 Fire           0%         3d3       100%        8


Dungeon Overview and Level Annotations

Branches:
Dungeon (8/15)             Temple (0/1) D:7
   Lair: D:8-11

Altars:
Ashenzari
Cheibriados
Fedhas
Hepliaklqana
Kikubaaqudgha
Nemelex Xobeh
Ru
Uskayaw
Wu Jian
Yredelemnul
Zin
Beogh

Shops:
D:1 :   D:4 !

Annotations:
D:4 1 runed translucent door, Crazy Yiuf


Innate Abilities, Weirdness & Mutations

You can wield a second weapon in your off-hand.
It takes a long time for you to wield or remove held weapons.
Your first few attacks do less damage.
You cannot equip rings or amulets.


Message History

You shoot a sling bullet.
The sling bullet hits zenocrate's ghost!
Zenocrate's ghost is almost destroyed.
Zenocrate's ghost hits you.
* * * LOW HITPOINT WARNING * * *
You shoot a sling bullet.
The sling bullet hits zenocrate's ghost.
You destroy zenocrate's ghost!
You shoot a sling bullet.
Your life force feels restored.
You shoot a sling bullet. The sling bullet hits the orc warrior!
The orc warrior is moderately wounded.
You shoot a sling bullet.
The sling bullet hits the orc warrior but does no damage.
The orc warrior is moderately wounded.
It was a potion of ambrosia.
You are confused.
You feel invigorated.
The orc warrior hits you with a +0 mace!
* * * LOW HITPOINT WARNING * * *
Okay, then.
You are too confused!
You feel better.
You feel less invigorated. The orc warrior closely misses you.
It was a potion of haste.
You feel yourself speed up.
The orc warrior hits you with a +0 mace!
* * * LOW HITPOINT WARNING * * *
You shoot a sling bullet. The sling bullet hits the orc warrior.
The orc warrior is heavily wounded.
You shoot a sling bullet. The sling bullet hits the orc warrior!
The orc warrior is almost dead.
You shoot a sling bullet.
The sling bullet completely misses the orc warrior.
The sling bullet hits the orc.
The orc is moderately wounded.
You shoot a sling bullet.
The sling bullet hits the orc warrior but does no damage.
The orc warrior is almost dead.
The orc warrior hits you with a +0 mace.
You die...
Your body glows slightly and disappears.

###..####
#.##.#####.###....o###
###..##.####.##.# #....#####...
.....))..##...#.# #o.o..o...o..
###.....).......#
#######'''####
#......)....######ß.o......)...
#..........###o...W.oo.........
##.........# #o##.........#####
#####.....#### #o############
....##...## #@#
###.#.....######.#
#.#............#
#........####### #####.....##
..........# ###########


You could see an orc warrior, an orc priest and an orc.

Vanquished Creatures
  The ghost of zenocrate the Martial Artist, a novice OpEE of Gozag (D:8)
  Pikel (D:7)
  Maurice (D:7)
  Prince Ribbit (D:7)
  A wyvern (D:7)
  A steam dragon (D:8)
  2 water moccasins (D:7)
  An orc warrior (D:8)
  An ice beast (D:7)
  2 sky beasts (D:7)
  2 black bears
  2 ogres
  A centaur (D:8)
  3 lemures (D:7)
  2 phantoms
  2 kobold brigands (D:8)
  5 bullfrogs
  2 scorpions
  7 wights
  3 killer bees (D:8)
  2 howler monkeys
  2 bombardier beetles
  8 hounds
  3 orc priests
  2 iguanas
  2 sleepcaps
  6 orc wizards
  Robin (D:2)
  3 adders
  6 gnolls
  5 white imps
  6 ufetubi (D:5)
  3 dart slugs
  A ribbon worm (D:2)
  29 orcs
  7 ball pythons
  8 endoplasms
  2 giant cockroaches
  12 goblins
  6 hobgoblins
  2 jackals (D:2)
  15 kobolds
  2 quokkas (D:5)
  5 bats
  4 frilled lizards
  A rat (D:3)
184 creatures vanquished.

Notes
Turn   | Place    | Note
-------+----------+-------------------------------------------
     0 | D:1      | GiantSquids the Coglin Hunter began the quest for the Orb.
     0 | D:1      | Reached XP level 1. HP: 16/16 MP: 1/1
    65 | D:1      | Found Elar's Book Emporium.
   206 | D:1      | Reached skill level 4 in Ranged Weapons
   206 | D:1      | Reached XP level 2. HP: 22/22 MP: 2/2
   325 | D:1      | Found a faded altar of an unknown god.
   882 | D:2      | Reached XP level 3. HP: 27/27 MP: 3/3
  1132 | D:2      | Noticed Robin
  1135 | D:2      | Killed Robin
  1136 | D:2      | Reached skill level 5 in Ranged Weapons
  1136 | D:2      | Reached XP level 4. HP: 33/33 MP: 4/4
  1295 | D:3      | Found a sparkling altar of Nemelex Xobeh.
  1295 | D:3      | Found a hazy altar of Hepliaklqana.
  1295 | D:3      | Found a broken altar of Ashenzari.
  1295 | D:3      | Found a basalt altar of Yredelemnul.
  1302 | D:3      | Became a worshipper of Nemelex Xobeh the Trickster
  1352 | D:3      | Found a snail-covered altar of Cheibriados.
  1825 | D:3      | Found an ornate altar of the Wu Jian Council.
  1960 | D:3      | Reached XP level 5. HP: 38/38 MP: 5/5
  2109 | D:4      | Found a blossoming altar of Fedhas.
  2141 | D:4      | Found an ancient bone altar of Kikubaaqudgha.
  2280 | D:4      | Found Tatalini's Distillery.
  2288 | D:4      | Bought a potion of curing for 39 gold pieces
  2318 | D:4      | Reached skill level 6 in Ranged Weapons
  2561 | D:4      | Reached XP level 6. HP: 44/44 MP: 6/6
  2890 | D:4      | Found a hide-covered altar of Uskayaw.
  2991 | D:4      | Found a runed translucent door.
  2992 | D:4      | Noticed Crazy Yiuf
  3040 | D:5      | Entered Level 5 of the Dungeon
  3089 | D:5      | Reached skill level 7 in Ranged Weapons
  3165 | D:5      | Reached * piety under Nemelex Xobeh
  3227 | D:5      | Reached XP level 7. HP: 48/50 MP: 7/7
  3267 | D:5      | Found a glowing silver altar of Zin.
  3276 | D:5      | Received a gift from Nemelex Xobeh
  3433 | D:5      | Reached skill level 8 in Ranged Weapons
  3934 | D:6      | Received a gift from Nemelex Xobeh
  3972 | D:6      | Reached XP level 8. HP: 35/56 MP: 8/8
  4170 | D:6      | Reached skill level 9 in Ranged Weapons
  4242 | D:6      | Reached ** piety under Nemelex Xobeh
  4987 | D:7      | Noticed Maurice
  5022 | D:7      | Reached skill level 10 in Ranged Weapons
  5279 | D:7      | Reached XP level 9. HP: 35/61 MP: 9/9
  5366 | D:7      | Received a gift from Nemelex Xobeh
  5399 | D:7      | Reached skill level 11 in Ranged Weapons
  5503 | D:7      | Killed Maurice
  5673 | D:7      | Reached skill level 12 in Ranged Weapons
  5693 | D:7      | Noticed Pikel
  5705 | D:7      | Killed Pikel
  5977 | D:7      | Found a staircase to the Ecumenical Temple.
  6114 | D:7      | Reached skill level 13 in Ranged Weapons
  6280 | D:7      | Reached *** piety under Nemelex Xobeh
  6346 | D:7      | Noticed Prince Ribbit
  6352 | D:7      | Killed Prince Ribbit
  6353 | D:7      | Reached XP level 10. HP: 56/67 MP: 10/10
  6705 | D:8      | HP: 1/67 [poisoned by a killer bee]
  7048 | D:8      | Found a runed translucent gate.
  7049 | D:8      | Found a runed translucent gate.
  7049 | D:8      | Noticed zenocrate's ghost (novice OpEE)
  7050 | D:8      | Found a runed translucent gate.
  7178 | D:8      | Received a gift from Nemelex Xobeh
  7255 | D:8      | Found a sacrificial altar of Ru.
  7679 | D:8      | Found a roughly hewn altar of Beogh.
  7698 | D:8      | Identified 2 scrolls of acquirement
  7698 | D:8      | Acquired 1032 gold pieces
  7699 | D:8      | Acquired a manual of Dodging
  7719 | D:8      | Reached skill level 14 in Ranged Weapons
  7724 | D:8      | Killed zenocrate's ghost
  7726 | D:8      | HP: 3/67 [orc warrior/+0 mace (11)]
  7728 | D:8      | HP: 1/67 [orc warrior/+0 mace (11)]
  7730 | D:8      | Slain by an orc warrior

Illustrated notes

Levels and vault maps discovered:
D:1:      tarquinn_simple_flora_water_e, layout_basic, serial_shops,
          nicolae_shop_tiny_glass, shapermc_ecumenical_altar_gd, nrook_uturn
D:2:      layout_rooms, uniq_robin
D:3:      layout_loops_ring, nzn_wu_jian_contemplation, chei_slow_surprise,
          grunt_temple_overflow_open
D:4:      layout_basic, kennysheep_mini_moat, mainiacjoe_overflow_catwalk,
          lemuel_round_altar, serial_shops, nicolae_shop_industrial_runoff,
          uniq_crazy_yiuf_cottage
D:5:      layout_gridville, lemuel_doored_altar
D:6:      layout_layer_cave
D:7:      layout_basic, minmay_temple_entry_antechambers, st_stairs_7,
          minivault_22, uniq_maurice, uniq_prince_ribbit1, uniq_pikel
D:8:      layout_loops_ring, nicolae_ru_the_path_less_chosen,
          biasface_ghost_orc_armoury

Skill      XL: |  1  2  3  4  5  6  7  8  9 10 |
---------------+-------------------------------+-----
Ranged Weapons | 4 5 6 7 8 10 13 14 | 14.3
Fighting       | |  2.0
Dodging        | |  1.7
Stealth        | |  0.7

Action                     |  1- 3 |  4- 6 |  7- 9 | 10-12 || total
---------------------------+-------+-------+-------+-------++-------
   Fire: Sling             |   152 |   196 |   402 |   192 ||   942
 Invoke: Draw Destruction  |       |       |     1 |       ||     1
    Use: Scroll            |       |       |       |     6 ||     6
         Potion            |       |       |       |     4 ||     4
 Armour: Leather armour    |     5 |    19 |    45 |    28 ||    97
  Dodge: Dodged            |     7 |     9 |    38 |    30 ||    84

Table legend: (Time is in decaauts)
 A = Elapsed time spent in this place.
 B = Non-inter-level travel time spent in this place.
 C = Inter-level travel time spent in this place.
 D = Time resting spent in this place.
 E = Time spent auto-exploring this place.
 F = Levels seen in this place.
 G = Mean time per level.
                   A        B        C        D        E       F      G
               +--------+--------+--------+--------+--------+-----+--------+
         Total |   7809 |   7567 |    242 |    203 |   6391 |   8 |  976.1 |
       Dungeon |   7809 |   7567 |    242 |    203 |   6391 |   8 |  976.1 |
               +--------+--------+--------+--------+--------+-----+--------+

Top non-repeatable levels by time:
     D:7: 1600 daAuts
     D:8: 1118 daAuts
     D:6: 1089 daAuts
     D:4: 982 daAuts
     D:5: 915 daAuts
     D:1: 814 daAuts
     D:3: 788 daAuts
     D:2: 500 daAuts
